 Dungeon Crawl Stone Soup version 0.18.1-48-g4cf74bf (webtiles) character file.

49 GapingDragon the Poker (level 3, -4/21 HPs)
             Began as a Merfolk Gladiator on July 9, 2016.
             Was an Initiate of Okawaru.
             Slain by Sigmund
             ... wielding a +0 scythe
              (9 damage)
             ... on level 2 of the Dungeon.
             The game lasted 00:04:11 (1892 turns).

GapingDragon the Poker (Merfolk Gladiator)          Turns: 1892, Time: 00:04:11

Health: -4/21      AC:  4    Str: 16      XL:     3   Next: 75%
Magic:  3/3        EV: 14    Int:  7      God:    Okawaru [......]
Gold:   93         SH:  0    Dex: 13 (14) Spells: 0 memorised, 2 levels left

rFire  . . .     SeeInvis .     a - +0 trident
rCold  . . .     Gourm    .     b - +0 leather armour
rNeg   . . .     Faith    .     (no shield)
rPois  .         Spirit   .     c - +0 helmet
rElec  .         Dismiss  .     (no cloak)
rCorr  +         Reflect  .     (no gloves)
SustAt .         Harm     .     (no boots)
MR     .....                    (no amulet)
Stlth  +.........               (no ring)
                                j - ring of resist corrosion

@: confused, not resistant to hostile enchantments, very unstealthy
A: change form in water, swift swim, deterioration 1, frail 2
a: Renounce Religion


You were on level 2 of the Dungeon.
You worshipped Okawaru.
Okawaru was noncommittal.
You were very hungry.

You visited 1 branch of the dungeon, and saw 2 of its levels.

You collected 93 gold pieces.

Inventory:

Hand Weapons
 a - a +0 trident (weapon)
Missiles
 d - a throwing net (quivered)
Armour
 b - a +0 leather armour (worn)
 c - a +0 helmet (worn)
Jewellery
 j - a ring of resist corrosion (left hand)
Scrolls
 i - 2 scrolls of identify
 k - a scroll of teleportation
Comestibles
 f - a bread ration
 g - a meat ration


   Skills:
 - Level 2.1 Fighting
 + Level 5.5 Polearms
 - Level 2.0 Throwing
 + Level 5.2 Dodging


You had 2 spell levels left.
You didn't know any spells.

Dungeon Overview and Level Annotations

Branches:
Dungeon (2/15)

Altars:
Fedhas
Okawaru
Pakellas
Qazlal
Ru
Yredelemnul

Annotations:
D:2 Sigmund


Innate Abilities, Weirdness & Mutations

You revert to your normal form in water.
You are very nimble and swift while swimming.
Your body sometimes deteriorates upon taking damage.
You are very frail (-20% HP).


Message History

Attack whom?
Press: ? - help, Dir - move target cursor You reach to attack!
You hit something.
Something wriggles in the net.
Attack whom?
Press: ? - help, Dir - move target cursor You reach to attack!
You barely miss something.
You hear some strange, mumbled words.
You are confused.
Something wriggles in the net.
You're too confused!
Something wriggles in the net.
Something wriggles in the net.
All of a sudden the net rips apart!
You completely miss something.
You hear some strange, mumbled words.
A puff of flame appears from out of thin air!
The puff of flame misses you.
Throwing (i - inventory):
d - 2 throwing nets (quivered)
Press: ? - help, Shift-Dir - straight line You throw a throwing net.
Something hits you!
You die...

#######.####.#
..........##.########
#######.#...........#
# ##.#....######{# #
#@.#.#### #.# ###
#.##.# ####.# <>#
#.##.# #....# #.#
#.##.# #.#### #.#
#.##.### #@# #.#
#.##...# #.# #.#
#.####.# #.# #.# #.#
#@# #.# #.####.## #.#
#.# #.......###.# #.#
............# #.#
###.###.##### #.# #.#
#..........#


There were no monsters in sight!

Vanquished Creatures
  An adder (D:2)
  A giant cockroach (D:2)
  5 goblins
  5 hobgoblins
  6 jackals
  A quokka (D:2)
  5 bats (D:1)
  4 giant newts
  2 kobolds (D:2)
  9 rats
39 creatures vanquished.

Vanquished Creatures (others)
  A kobold (D:2)
1 creature vanquished.

Grand Total: 40 creatures vanquished

Notes
Turn   | Place    | Note
--------------------------------------------------------------
     0 | D:1      | GapingDragon the Merfolk Gladiator began the quest for the Orb.
     0 | D:1      | Reached XP level 1. HP: 16/16 MP: 1/1
    70 | D:1      | Reached XP level 2. HP: 22/22 MP: 2/2
   389 | D:1      | Reached skill level 5 in Polearms
   639 | D:1      | Reached XP level 3. HP: 27/27 MP: 3/3
   854 | D:2      | Found a stormy altar of Qazlal.
   882 | D:2      | Reached skill level 5 in Dodging
  1012 | D:2      | Found a basalt altar of Yredelemnul.
  1015 | D:2      | Found a sacrificial altar of Ru.
  1017 | D:2      | Found an iron altar of Okawaru.
  1027 | D:2      | Became a worshipper of Warmaster Okawaru
  1039 | D:2      | Found a blossoming altar of Fedhas.
  1383 | D:2      | Found an oddly glowing altar of Pakellas.
  1514 | D:2      | Gained mutation: Your body sometimes deteriorates upon taking damage. [potion of mutation]
  1514 | D:2      | Gained mutation: You are frail (-10% HP). [potion of mutation]
  1514 | D:2      | Gained mutation: You are very frail (-20% HP). [potion of mutation]
  1811 | D:2      | Noticed Sigmund
  1892 | D:2      | Slain by Sigmund

Skill      XL: |  1  2  3 |
---------------+----------+-----
Polearms       | 5 |  5.5
Dodging        | 5 |  5.2
Fighting       | |  2.1
Throwing       | |  2.0

Action                   || total
-------------------------++-------
Melee: Trident           ||   135
Throw: Throwing net      ||     6
  Use: Scroll            ||     4
       Potion            ||     3
 Stab: Sleeping          ||     3
  Eat: Chunk             ||     2
Armor: Leather armour    ||    38
Dodge: Dodged            ||   108
